 Dungeon Crawl Stone Soup version 0.16-a0-890-g98fc465 (webtiles) character file.

3187 Chiseanne the Thaumaturge (level 9, -2/39 HPs)
             Began as a Spriggan Necromancer on Sept 29, 2014.
             Was an Initiate of Gozag.
             Hit by a large rock thrown by a cyclops (41 damage)
             ... on Level 9 of the Dungeon.
             The game lasted 00:46:07 (13235 turns).

Chiseanne the Thaumaturge (Spriggan Necromancer)   Turns: 13235, Time: 00:46:07

HP  -2/39        AC  6     Str  4      XL: 9   Next: 64%
MP  29/29        EV 23     Int 19      God: Gozag
Gold 973         SH  0     Dex 17      Spells:  5 memorised, 12 levels left

rFire  + . .     SeeInvis +     a - +1 dagger (speed)
rCold  . . .     Clarity  .     C - +2 robe {rF+}
rNeg   . . .     rCorr    .     (shield restricted)
rPois  +         rRot     .     H - +2 hat {MR+}
rElec  .         Spirit   .     (no cloak)
SustAb .         Warding  .     (gloves unavailable)
rMut   .         Stasis   .     (boots unavailable)
Gourm  .                        (no amulet)
MR     ++...                    (no ring)
                                k - ring of poison resistance

@: very quick, very resistant to hostile enchantments, stealthy
A: unfitting armour, see invisible, herbivore 3, speed 3, slow metabolism 2
a: Potion Petition, Call Merchant, Bribe Branch, Renounce Religion


You were on level 9 of the Dungeon.
You worshipped Gozag.
Gozag was noncommittal.
You were not hungry.

You visited 1 branch of the dungeon, and saw 9 of its levels.
You also visited: Sewer.

You collected 1060 gold pieces.
You paid 87 gold pieces to Gozag.

Inventory:

Hand weapons
 a - a +1 dagger of speed (weapon)
 w - a +0 blowgun
Missiles
 A - 16 poisoned needles
Armour
 C - a +2 robe of fire resistance (worn)
 H - a +2 hat of magic resistance (worn)
Magical devices
 p - a wand of digging (10)
 s - a wand of confusion (2)
 v - a wand of draining (0)
 y - a wand of paralysis (0)
 F - a wand of random effects (6)
 G - a wand of invisibility (4)
Comestibles
 i - 4 bread rations
 D - a slice of pizza
Scrolls
 d - 7 scrolls of remove curse
 g - a scroll of amnesia
 h - 2 scrolls of enchant armour
 r - a scroll of magic mapping
 t - a scroll of immolation
 x - a scroll of fog
 z - 2 scrolls of blinking
 E - a scroll of fear
Jewellery
 k - a ring of poison resistance (left hand)
Potions
 c - a potion of restore abilities
 e - a potion of brilliance {unknown}
 j - a potion of resistance
 l - a potion of heal wounds {unknown}
 m - 2 potions of degeneration {unknown}
 n - 2 potions of agility
 q - a potion of invisibility {unknown}
 u - 2 potions of curing {unknown}
Books
 b - a book of Necromancy

   Spells                             Type                      Level
   *Pain                              Necromancy                   1
   Animate Skeleton                   Necromancy                   1
   *Vampiric Draining                 Necromancy                   3
   *Regeneration                      Charms/Necromancy            3
   Animate Dead                       Necromancy                   4
   *Control Undead                    Necromancy                   4
 f - a Necronomicon {highlevel, unknown}

   This book is beyond your current level of understanding.

   Spells                             Type                      Level
   Haunt                              Necromancy/Summoning         7
   Borgnjor's Revivification          Necromancy                   8
   Death's Door                       Charms/Necromancy            8
   Necromutation                      Transmutation/Necromancy     8
 o - a book of the Dragon

   Spells                             Type                      Level
   Flight                             Charms/Air                   3
   *Cause Fear                        Hexes                        4
   Bolt of Fire                       Conjuration/Fire             6
   Dragon Form                        Transmutation                7
   Dragon's Call                      Summoning                    9
Magical staves
 B - an uncursed staff of conjuration


   Skills:
 - Level 4.5 Short Blades
 * Level 7.5 Dodging
 * Level 7.8 Stealth
 - Level 9.8 Spellcasting
 - Level 1.3 Hexes
 - Level 7.8 Necromancy


You had 12 spell levels left.
You knew the following spells:

 Your Spells              Type           Power        Failure   Level  Hunger
a - Pain                  Necr           ####         1%          1    None
b - Vampiric Draining     Necr           #####.....   1%          3    None
c - Regeneration          Chrm/Necr      ###.......   6%          3    None
d - Control Undead        Necr           #####.....   3%          4    ###....
e - Cause Fear            Hex            ##........   50%         4    ###....


Dungeon Overview and Level Annotations

Branches:
Dungeon (9/15)             Temple (0/1) D:4
    Orc: D:9-12        Lair: D:8-11

Altars:
Elyvilon
Gozag
Kikubaaqudgha
Nemelex Xobeh
Sif Muna
Trog
Xom
The Shining One

Shops:
D:3 *

Annotations:
D:8 exclusion: downstairs
D:9 Edmund


Innate Abilities, Weirdness & Mutations

You are tiny and cannot use many weapons and most armour.
You have supernaturally acute eyesight.
You are a herbivore.
You cover ground extremely quickly.
You need consume almost no food.


Message History

Aiming: Vampiric Draining
Press: ? - help, Shift-Dir - straight line, f - you
Okay, then.
Unknown command.
Unknown command.
You now have 973 gold pieces (gained 23).
You start resting.
HP restored.
You start resting.
Magic restored.
There is a stone staircase leading down, spattered with blood here.
You climb downwards.
Level annotation: Edmund The sheep barely misses you.
The sheep closely misses you. The sheep closely misses you.
The sheep barely misses you.
There is a stone staircase leading up here.
The cyclops throws a large rock.
The large rock hits you!!!
Ouch! That really hurt!
You die...
Your body crumbles into a pile of gold.

##+#######
.........Y#
.C......@.#
.........Y#
.........#
.........#
##########


You could see a cyclops and 2 sheep.

Vanquished Creatures
  A hippogriff (D:7)
  2 sky beasts (D:6)
  A phantom (D:6)
  Purgy (Sewer)
  An ice beast (D:7)
  2 ogres
  2 orc warriors (D:7)
  A crocodile (D:8)
  2 centaurs
  A big kobold (D:7)
  5 giant frogs
  4 scorpions
  A troll skeleton (D:7)
  10 killer bees (D:7)
  A crimson imp (D:6)
  A centaur zombie (D:6)
  2 jellies (D:8)
  A goliath beetle (D:7)
  An orc priest (D:7)
  7 orc wizards
  4 worker ants
  A two-headed ogre skeleton (D:6)
  2 iguanas (D:8)
  A killer bee zombie (D:8)
  A sheep (D:8)
  A mottled dragon skeleton (D:8)
  A hound skeleton (D:4)
  11 adders
  7 gnolls
  A shadow imp (D:7)
  3 giant mites
  An orc skeleton (D:5)
  4 worms
  2 adder skeletons
  6 giant geckos
  An ooze (D:1)
  13 orcs
  2 ball pythons (D:1)
  12 bats
  14 hobgoblins
  3 quokkas
  10 giant cockroaches
  7 giant newts
  9 goblins
  A goblin skeleton (D:4)
  8 jackals
  23 kobolds
  A kobold skeleton (D:4)
  A kobold zombie (D:7)
  8 rats
  A ballistomycete (D:7)
207 creatures vanquished.

Vanquished Creatures (collateral kills)
  An adder (D:2)
  2 bats (D:1)
  3 giant newts
  2 kobolds
8 creatures vanquished.

Vanquished Creatures (others)
  2 adder skeletons (D:2)
  2 bat skeletons
  A ball python skeleton (D:1)
  A giant gecko skeleton (D:1)
  A giant spore (D:7)
  A goblin skeleton (D:2)
  2 hobgoblin skeletons
  2 jackal skeletons
  A quokka skeleton (D:3)
  A rat (D:8)
  2 rat skeletons (D:1)
16 creatures vanquished.

Grand Total: 231 creatures vanquished

Notes
Turn   | Place    | Note
--------------------------------------------------------------
     0 | D:1      | Chiseanne, the Spriggan Necromancer, began the quest for the Orb.
     0 | D:1      | Reached XP level 1. HP: 9/9 MP: 4/4
     5 | D:1      | Learned a level 1 spell: Animate Skeleton
     7 | D:1      | Learned a level 1 spell: Pain
   361 | D:1      | Reached XP level 2. HP: 4/13 MP: 1/8
  1421 | D:1      | Reached skill level 4 in Necromancy
  1421 | D:1      | Reached XP level 3. HP: 3/16 MP: 6/11
  3312 | D:2      | Reached XP level 4. HP: 10/21 MP: 3/14
  3656 | D:2      | Learned a level 3 spell: Vampiric Draining
  3660 | D:2      | Learned a level 3 spell: Regeneration
  4468 | D:3      | Found Gozag's Platinum Reserve.
  4473 | D:3      | Found an opulent altar of Gozag.
  4506 | D:3      | Became a worshipper of Gozag Ym Sagoz the Greedy
  4552 | D:3      | Found a sparkling altar of Nemelex Xobeh.
  4893 | D:3      | Reached XP level 5. HP: 22/24 MP: 15/18
  5014 | D:3      | Learned a level 4 spell: Control Undead
  5364 | D:3      | Noticed a centaur
  5369 | D:3      | Killed a centaur
  5369 | D:3      | Reached skill level 5 in Necromancy
  5554 | D:3      | Found a glowing golden altar of the Shining One.
  5765 | D:4      | Reached skill level 1 in Short Blades
  5765 | D:4      | Reached XP level 6. HP: 23/28 MP: 14/20
  5821 | D:4      | Found a staircase to the Ecumenical Temple.
  5843 | D:4      | Reached skill level 5 in Spellcasting
  5930 | D:4      | Found a glowing drain.
  5955 | Sewer    | Entered a sewer
  6079 | Sewer    | Noticed Purgy
  6088 | Sewer    | Killed Purgy
  6793 | D:4      | Noticed an ogre
  6799 | D:4      | Killed an ogre
  6799 | D:4      | Reached skill level 5 in Stealth
  6799 | D:4      | Reached XP level 7. HP: 26/32 MP: 16/23
  6884 | D:5      | Entered Level 5 of the Dungeon
  6906 | D:5      | Reached skill level 5 in Dodging
  6933 | D:5      | Found an opulent altar of Gozag.
  6996 | D:5      | Found a white marble altar of Elyvilon.
  7079 | D:5      | Reached skill level 6 in Spellcasting
  8515 | D:6      | Reached skill level 7 in Spellcasting
  8515 | D:6      | Reached XP level 8. HP: 31/36 MP: 20/26
  9705 | D:7      | Reached skill level 8 in Spellcasting
 10209 | D:7      | Found a shimmering altar of Xom.
 10691 | D:7      | Reached XP level 9. HP: 22/39 MP: 29/29
 11073 | D:7      | Found a deep blue altar of Sif Muna.
 11338 | D:7      | Reached skill level 9 in Spellcasting
 12092 | D:8      | Found a bloodstained altar of Trog.
 12208 | D:8      | Learned a level 4 spell: Cause Fear
 12271 | D:8      | Reached skill level 1 in Hexes
 12692 | D:8      | Found an ancient bone altar of Kikubaaqudgha.
 13147 | D:9      | Noticed Edmund
 13147 | D:9      | Noticed a hill giant
 13175 | D:9      | Noticed a cyclops
 13235 | D:9      | Hit by a large rock thrown by a cyclops

Action                   |  1- 3 |  4- 6 |  7- 9 || total
-------------------------+-------+-------+-------++-------
Melee: Dagger            |    26 |   112 |   206 ||   344
       Unarmed           |     1 |       |       ||     1
 Fire: Blowgun           |       |       |    23 ||    23
 Cast: Pain              |    76 |    94 |   133 ||   303
       Animate Skeleton  |    17 |     7 |       ||    24
       Vampiric Draining |       |    22 |    79 ||   101
       Regeneration      |       |     3 |     3 ||     6
       Control Undead    |       |     1 |     4 ||     5
Evoke: Wand              |       |       |    10 ||    10
  Use: Scroll            |     6 |     8 |     7 ||    21
       Potion            |       |     1 |     1 ||     2
 Stab: Sleeping          |     7 |    13 |    13 ||    33
       Distracted        |       |       |     3 ||     3
       Paralysed         |       |       |     3 ||     3
  Eat: Pizza             |       |       |     1 ||     1
       Bread ration      |       |       |     1 ||     1
